 Dungeon Crawl Stone Soup version 0.18-a0-1805-g8ab820f (webtiles) character file.

119 Gottschkopf the Insei (level 4, -6/34 HPs)
             Began as a Demigod Transmuter on Apr 26, 2016.
             Killed by divine providence
             ... invoked by an orc priest
              (9 damage)
             ... on level 3 of the Dungeon.
             The game lasted 00:05:11 (1987 turns).

Gottschkopf the Insei (Demigod Transmuter)          Turns: 1987, Time: 00:05:11

Health: -6/34      AC:  3    Str: 13    XL:     4   Next: 47%
Magic:  0/9        EV: 12    Int: 17    God:
Gold:   207        SH:  0    Dex: 18    Spells: 2 memorised, 3 levels left

rFire  . . .     SeeInvis .       - Unarmed
rCold  . . .     Gourm    .     b - +0 robe
rNeg   . . .     Faith    .     (no shield)
rPois  .         Spirit   +     (no helmet)
rElec  .         Dismiss  .     e - +0 cloak
rCorr  .         Reflect  .     (no gloves)
SustAt +         Harm     .     (no boots)
MR     .....                    k - amulet of guardian spirit
Stlth  ++........               (no ring)
                                (no ring)

@: not resistant to hostile enchantments, unstealthy
A: high mp 1, sustain attributes
a: no special abilities


You were on level 3 of the Dungeon.
You were not hungry.

You visited 1 branch of the dungeon, and saw 3 of its levels.

You collected 207 gold pieces.

Inventory:

Missiles
 a - 12 arrows
Armour
 b - a +0 robe (worn)
 e - a +0 cloak (worn)
Jewellery
 k - an amulet of guardian spirit (around neck)
Scrolls
 g - 2 scrolls of blinking
Potions
 h - 3 potions of brilliance
 i - 2 potions of heal wounds
 p - 2 potions of cure mutation
Books
 c - a book of Changes

   Spells                             Type                      Level
   a - Beastly Appendage              Transmutation                1
   b - Sticks to Snakes               Transmutation                2
   c - Spider Form                    Transmutation/Poison         3
   d - Ice Form                       Ice/Transmutation            4
   e - Blade Hands                    Transmutation                5
Comestibles
 d - a bread ration
 f - a beef jerky
 j - a chunk of flesh
 n - a slice of pizza
 o - a meat ration


   Skills:
 - Level 0.8 Fighting
 - Level 1.7 Dodging
 * Level 5.0 Unarmed Combat
 - Level 1.7 Spellcasting
 - Level 1.7 Transmutations


You had 3 spell levels left.
You knew the following spells:

 Your Spells              Type           Power        Failure   Level  Hunger
a - Beastly Appendage     Trmt           #.....       12%         1    #......
b - Sticks to Snakes      Trmt           #.......     17%         2    ###....


Dungeon Overview and Level Annotations

Branches:
Dungeon (3/15)


Innate Abilities, Weirdness & Mutations

You have an increased reservoir of magic (+10% MP).
Your attributes are resistant to harm.


Message History

The orc barely misses you.
You hit the orc.
You kill the orc!
The orc priest hits you.
* * * LOW HITPOINT WARNING * * *
You hit the orc priest.
The orc priest is heavily wounded.
The orc priest casts a cantrip, but nothing happens.
You hit the orc priest.
The orc priest is severely wounded.
The orc priest completely misses you.
You hit the orc priest.
The orc priest is severely wounded.
The orc priest hits you.
* * * LOW HITPOINT WARNING * * *
You hit the orc priest.
The orc priest is almost dead.
The orc priest mumbles some strange prayers to Beogh against you.
Beogh smites you!
You die...

*,.#..##*#.# #...#####
*,,.....*#†# ##.......
********,*##.#.##.# #..#####
*,,,,,,,,,........# #..#
**,,****########...# #..#
*,,*,,,,........#.)######..####
*,,*,,*,.....#..#.............##
*,,,**,,......##)..######..##...
*,,,,,,,......)@..## #..#####
*,,,*,,*####.#o##### #..#
***,,,,,,,,,*##....## #..#####
**********,#.##.#.## #.......
**,##.###.## ##.##### *##.##
##.####.##### #.## ##..........
##.## ##..######### ##.###.#.#


You could see an orc priest.

Vanquished Creatures
  An orc priest (D:3)
  A gnoll (D:1)
  2 adders (D:2)
  An ooze (D:2)
  A dart slug (D:1)
  2 giant geckos (D:1)
  3 orcs (D:3)
  2 giant cockroaches
  7 goblins
  8 hobgoblins
  2 jackals (D:2)
  3 kobolds
  A quokka (D:3)
  9 bats
  3 giant newts
  4 rats
50 creatures vanquished.

Notes
Turn   | Place    | Note
--------------------------------------------------------------
     0 | D:1      | Gottschkopf the Demigod Transmuter began the quest for the Orb.
     0 | D:1      | Reached XP level 1. HP: 15/15 MP: 5/5
   159 | D:1      | Reached skill level 3 in Unarmed Combat
   408 | D:1      | Reached XP level 2. HP: 16/22 MP: 7/7
   412 | D:1      | Learned a level 2 spell: Sticks to Snakes
  1028 | D:2      | Reached XP level 3. HP: 27/27 MP: 8/8
  1036 | D:2      | Reached skill level 4 in Unarmed Combat
  1326 | D:2      | Found a shimmering altar of Xom.
  1326 | D:2      | Noticed an angel
  1328 | D:2      | Found a glowing silver altar of Zin.
  1867 | D:3      | Reached XP level 4. HP: 29/34 MP: 7/9
  1973 | D:3      | Reached skill level 5 in Unarmed Combat
  1987 | D:3      | Killed from afar by an orc priest

Vault maps used:
D:1:      wheals_arrival_shading, st_stairs_12
D:2:      grunt_temple_overflow_order_and_chaos_1
D:3:      minmay_curled_crystal, serial_bayou_crossing, uniq_jessica

Skill      XL: |  1  2  3  4 |
---------------+-------------+-----
Unarmed Combat | 3 4 5 |  5.0
Fighting       | |  0.8
Dodging        | |  1.7
Spellcasting   | |  1.7
Transmutations | |  1.7

Action                   |  1- 3 |  4- 6 || total
-------------------------+-------+-------++-------
Melee: Unarmed           |   144 |    28 ||   172
       Kick              |     2 |       ||     2
       Punch             |     2 |       ||     2
       Headbutt          |     4 |     5 ||     9
 Cast: Beastly Appendage |     7 |     1 ||     8
  Use: Scroll            |     7 |       ||     7
       Potion            |     1 |       ||     1
 Stab: Sleeping          |     3 |     1 ||     4
  Eat: Chunk             |     3 |     1 ||     4
Armor: Robe              |    33 |     4 ||    37
Dodge: Dodged            |   116 |    11 ||   127
